General information
- name: BNet
- type: Ladder team game (AT/RT)
- host: Battle.net
- saver: toupee
map: SilverpineForest
- players: 6
- length: 33:17
- speed: Fast
- version: 1.27 W3XP
- replay type:

» download(356 KB)
Players
team 1 (winner)
huge_pig (
teal | 141 APM | 4704 actions | 33:16)
5 Mountain King
3 Storm Bolt
2 Bash
4 Paladin
2 Holy Light
2 Divine Shield
2 Blood Mage
1 Banish
1 Siphon Mana
» actions
| Assign group hotkey | 522 | |
| Basic commands | 31 | |
| Build / train | 118 | |
| Enter build submenu | 89 | |
| Enter hero's abilities submenu | 12 | |
| Give item / drop item | 3 | |
| Right click | 2364 | |
| Select / deselect | 479 | |
| Select group hotkey | 777 | |
| Use ability | 309 | |
4704 total
» units
» upgrades
| Masonry | 3 | |
| Lumber Harvesting | 2 | |
| Magic Sentry | 1 | |
6 total
» buildings
| Altar of Kings | 1 | |
| Farm | 4 | |
| Lumber Mill | 1 | |
| Scout Tower | 98 | |
| Arcane Tower | 10 | |
| Guard Tower | 38 | |
| Arcane Vault | 2 | |
| Keep | 1 | |
| Castle | 1 | |
| Arcane Sanctum | 1 | |
| Town Hall | 3 | |
160 total
» build order
00:10 Altar of Kings
00:21 Farm
00:36 Lumber Mill
00:52 Scout Tower
01:14 Farm
01:24 Scout Tower
01:40 Arcane Tower
02:04 Guard Tower
02:05 Scout Tower
02:32 Scout Tower
02:33 Guard Tower
03:17 Scout Tower
03:18 Scout Tower
03:19 Guard Tower
03:26 Arcane Vault
03:50 Guard Tower
04:14 Keep
04:17 Guard Tower
04:18 Scout Tower
04:19 Scout Tower
04:32 Scout Tower
05:30 Guard Tower
05:32 Scout Tower
05:33 Scout Tower
06:05 Guard Tower
06:20 Scout Tower
06:21 Scout Tower
06:29 Arcane Tower
06:41 Scout Tower
06:41 Scout Tower
06:43 Scout Tower
07:38 Castle
07:40 Farm
08:14 Guard Tower
08:15 Scout Tower
08:16 Scout Tower
08:16 Scout Tower
11:16 Guard Tower
11:17 Scout Tower
11:18 Scout Tower
11:19 Scout Tower
11:19 Scout Tower
11:20 Scout Tower
11:20 Scout Tower
11:35 Arcane Sanctum
11:47 Guard Tower
11:49 Town Hall
11:55 Scout Tower
11:56 Scout Tower
11:57 Scout Tower
11:57 Scout Tower
12:20 Scout Tower
12:21 Scout Tower
12:50 Guard Tower
12:56 Scout Tower
12:57 Scout Tower
13:10 Scout Tower
13:11 Scout Tower
13:13 Scout Tower
13:13 Scout Tower
13:17 Arcane Tower
13:57 Guard Tower
14:00 Scout Tower
14:01 Scout Tower
14:01 Scout Tower
14:02 Scout Tower
14:19 Scout Tower
14:20 Scout Tower
14:33 Scout Tower
14:34 Scout Tower
14:35 Arcane Tower
14:36 Guard Tower
15:02 Guard Tower
15:04 Arcane Tower
15:13 Scout Tower
15:15 Scout Tower
15:15 Scout Tower
15:16 Guard Tower
16:01 Guard Tower
16:03 Farm
16:11 Guard Tower
16:13 Scout Tower
16:13 Scout Tower
16:14 Scout Tower
16:15 Scout Tower
16:16 Scout Tower
16:25 Scout Tower
16:27 Scout Tower
16:30 Scout Tower
16:32 Guard Tower
16:36 Town Hall
16:46 Guard Tower
16:53 Guard Tower
17:22 Arcane Tower
17:33 Guard Tower
17:48 Town Hall
18:22 Arcane Tower
18:44 Scout Tower
18:45 Scout Tower
18:46 Scout Tower
18:48 Scout Tower
19:19 Scout Tower
19:19 Scout Tower
19:20 Guard Tower
19:22 Scout Tower
19:24 Scout Tower
20:06 Guard Tower
20:07 Scout Tower
20:08 Scout Tower
20:09 Scout Tower
20:11 Scout Tower
20:17 Arcane Vault
20:18 Guard Tower
21:37 Guard Tower
21:38 Scout Tower
21:39 Scout Tower
21:40 Scout Tower
21:42 Scout Tower
21:43 Scout Tower
22:05 Scout Tower
22:05 Scout Tower
22:11 Arcane Tower
22:34 Scout Tower
22:34 Scout Tower
22:35 Guard Tower
22:37 Arcane Tower
22:37 Guard Tower
22:57 Scout Tower
22:58 Scout Tower
22:58 Scout Tower
22:59 Scout Tower
23:02 Guard Tower
23:04 Scout Tower
23:08 Scout Tower
23:17 Scout Tower
23:18 Scout Tower
24:18 Guard Tower
24:47 Guard Tower
24:49 Guard Tower
25:49 Guard Tower
25:52 Scout Tower
25:52 Scout Tower
26:28 Guard Tower
26:30 Scout Tower
26:31 Scout Tower
26:51 Guard Tower
28:13 Guard Tower
28:16 Scout Tower
29:56 Guard Tower
29:57 Scout Tower
30:12 Scout Tower
30:13 Scout Tower
31:11 Guard Tower
31:14 Arcane Tower
31:15 Scout Tower
31:16 Scout Tower
31:18 Scout Tower
31:18 Scout Tower
» items
| Boots of Speed | 3 | |
| Staff of Teleportation | 3 | |
| Scroll of Regeneration | 2 | |
| Lesser Clarity Potion | 8 | |
| Staff of Sanctuary | 2 | |
| Healing Salve | 4 | |
| Orb of Lightning | 3 | |
| Scroll of Town Portal | 1 | |
| Scroll of Speed | 1 | |
| Potion of Healing | 1 | |
28 total
toupee (
pink | 155 APM | 5168 actions | 33:17)
4 Blademaster
2 Wind Walk
2 Critical Strike
3 Tauren Chieftain
2 Shockwave
1 Endurance Aura
» actions
| Assign group hotkey | 28 | |
| Basic commands | 1 | |
| Build / train | 115 | |
| Enter build submenu | 66 | |
| Enter hero's abilities submenu | 7 | |
| Give item / drop item | 8 | |
| Remove unit from queue | 4 | |
| Right click | 3619 | |
| Select / deselect | 693 | |
| Select group hotkey | 274 | |
| Use ability | 353 | |
5168 total
» units
» upgrades
| Pillage | 1 | |
| Ranged Weapons | 2 | |
| Liquid Fire | 1 | |
| Troll Regeneration | 1 | |
5 total
» buildings
| Altar of Storms | 1 | |
| Orc Burrow | 5 | |
| War Mill | 1 | |
| Voodoo Lounge | 5 | |
| Watch Tower | 57 | |
| Stronghold | 4 | |
| Beastiary | 3 | |
| Fortress | 6 | |
| Barracks | 1 | |
| Great Hall | 1 | |
84 total
» build order
00:07 Altar of Storms
00:26 Orc Burrow
00:46 War Mill
01:19 Voodoo Lounge
02:01 Watch Tower
02:22 Watch Tower
02:51 Watch Tower
03:14 Watch Tower
03:46 Watch Tower
04:08 Watch Tower
04:10 Watch Tower
04:33 Watch Tower
04:38 Orc Burrow
05:35 Stronghold
05:36 Stronghold
05:36 Stronghold
05:36 Stronghold
05:48 Watch Tower
06:44 Watch Tower
07:43 Watch Tower
07:45 Watch Tower
07:51 Voodoo Lounge
08:48 Watch Tower
10:13 Beastiary
10:14 Beastiary
10:15 Fortress
11:26 Watch Tower
11:37 Orc Burrow
11:38 Orc Burrow
11:52 Voodoo Lounge
12:27 Fortress
12:28 Fortress
12:28 Fortress
12:28 Fortress
13:03 Watch Tower
13:16 Watch Tower
13:17 Watch Tower
14:13 Watch Tower
15:29 Watch Tower
15:30 Watch Tower
16:05 Watch Tower
16:05 Watch Tower
16:45 Voodoo Lounge
18:53 Watch Tower
19:11 Voodoo Lounge
19:36 Watch Tower
21:42 Watch Tower
21:43 Watch Tower
21:44 Watch Tower
22:23 Watch Tower
22:24 Watch Tower
22:33 Barracks
22:42 Orc Burrow
22:59 Watch Tower
23:02 Watch Tower
23:16 Watch Tower
23:16 Watch Tower
23:26 Watch Tower
23:31 Watch Tower
23:32 Watch Tower
24:41 Watch Tower
24:41 Watch Tower
24:42 Watch Tower
24:42 Watch Tower
24:43 Watch Tower
24:43 Watch Tower
24:44 Watch Tower
24:44 Watch Tower
24:45 Watch Tower
24:45 Watch Tower
26:07 Watch Tower
26:08 Watch Tower
26:09 Watch Tower
26:10 Watch Tower
26:10 Watch Tower
26:11 Watch Tower
26:11 Watch Tower
27:25 Beastiary
28:17 Watch Tower
31:01 Watch Tower
31:02 Watch Tower
32:35 Great Hall
32:40 Watch Tower
» items
| Healing Salve | 9 | |
| Lesser Clarity Potion | 14 | |
| Staff of Teleportation | 2 | |
| Boots of Speed | 4 | |
| Orb of Lightning | 2 | |
| Staff of Sanctuary | 1 | |
| Claws of Attack +12 | 2 | |
| Legion Doom-Horn | 1 | |
35 total
towerking (
red | 146 APM | 4854 actions | 33:16)
5 Archmage
3 Blizzard
2 Brilliance Aura
3 Mountain King
2 Storm Bolt
1 Bash
» actions
| Assign group hotkey | 83 | |
| Basic commands | 19 | |
| Build / train | 230 | |
| ESC pressed | 1 | |
| Enter build submenu | 95 | |
| Enter hero's abilities submenu | 8 | |
| Right click | 2448 | |
| Select / deselect | 1237 | |
| Select group hotkey | 355 | |
| Use ability | 378 | |
4854 total
» units
» upgrades
| Masonry | 3 | |
| Lumber Harvesting | 2 | |
| Magic Sentry | 1 | |
6 total
» buildings
| Altar of Kings | 2 | |
| Farm | 3 | |
| Lumber Mill | 1 | |
| Scout Tower | 125 | |
| Arcane Tower | 4 | |
| Guard Tower | 141 | |
| Arcane Vault | 3 | |
| Town Hall | 3 | |
| Keep | 2 | |
| Castle | 2 | |
| Arcane Sanctum | 1 | |
287 total
» build order
00:02 Altar of Kings
00:04 Altar of Kings
00:25 Farm
00:38 Lumber Mill
01:11 Scout Tower
01:32 Scout Tower
01:36 Scout Tower
01:40 Scout Tower
01:41 Arcane Tower
02:06 Guard Tower
02:06 Guard Tower
02:13 Guard Tower
02:14 Guard Tower
02:17 Farm
02:28 Arcane Vault
03:59 Town Hall
04:02 Scout Tower
04:03 Scout Tower
04:19 Farm
04:31 Arcane Tower
04:32 Arcane Tower
04:33 Scout Tower
04:48 Guard Tower
04:48 Guard Tower
05:09 Guard Tower
05:09 Guard Tower
05:14 Scout Tower
05:15 Scout Tower
05:25 Scout Tower
05:26 Scout Tower
05:42 Guard Tower
05:42 Guard Tower
05:55 Guard Tower
06:04 Scout Tower
06:05 Scout Tower
06:32 Guard Tower
06:32 Guard Tower
06:34 Scout Tower
06:35 Scout Tower
07:34 Scout Tower
07:36 Scout Tower
07:40 Scout Tower
07:40 Scout Tower
07:46 Scout Tower
07:47 Scout Tower
07:48 Scout Tower
08:13 Guard Tower
08:13 Guard Tower
08:14 Guard Tower
08:15 Guard Tower
08:16 Guard Tower
09:21 Guard Tower
10:50 Arcane Vault
10:52 Scout Tower
11:06 Keep
11:31 Guard Tower
11:31 Guard Tower
11:32 Guard Tower
12:21 Scout Tower
12:21 Scout Tower
12:22 Scout Tower
12:23 Scout Tower
12:23 Scout Tower
12:25 Scout Tower
12:25 Scout Tower
12:26 Scout Tower
12:28 Scout Tower
12:28 Scout Tower
12:29 Scout Tower
12:29 Scout Tower
12:30 Scout Tower
12:31 Scout Tower
12:31 Scout Tower
12:32 Scout Tower
12:40 Scout Tower
12:41 Scout Tower
12:53 Guard Tower
12:53 Guard Tower
12:55 Guard Tower
12:55 Guard Tower
13:08 Guard Tower
13:08 Guard Tower
13:13 Guard Tower
13:13 Guard Tower
13:15 Scout Tower
13:16 Scout Tower
13:18 Guard Tower
13:18 Guard Tower
13:19 Guard Tower
13:27 Guard Tower
13:27 Guard Tower
13:50 Guard Tower
13:51 Guard Tower
13:55 Town Hall
13:58 Guard Tower
13:58 Guard Tower
13:58 Guard Tower
13:59 Guard Tower
14:00 Guard Tower
14:00 Guard Tower
14:08 Guard Tower
14:10 Scout Tower
14:13 Guard Tower
14:13 Guard Tower
14:15 Scout Tower
14:15 Scout Tower
14:18 Scout Tower
14:19 Scout Tower
14:43 Guard Tower
14:50 Guard Tower
14:50 Guard Tower
15:20 Guard Tower
15:20 Guard Tower
15:24 Scout Tower
15:26 Scout Tower
15:45 Castle
15:45 Castle
15:54 Guard Tower
16:12 Scout Tower
16:16 Scout Tower
16:43 Guard Tower
16:43 Guard Tower
16:45 Guard Tower
16:45 Guard Tower
16:48 Scout Tower
16:48 Scout Tower
16:49 Scout Tower
16:55 Scout Tower
16:56 Scout Tower
16:56 Scout Tower
16:57 Scout Tower
16:58 Scout Tower
16:59 Scout Tower
17:00 Scout Tower
17:21 Scout Tower
17:21 Scout Tower
17:22 Scout Tower
17:22 Scout Tower
17:23 Guard Tower
17:23 Guard Tower
17:34 Scout Tower
17:35 Scout Tower
17:37 Guard Tower
17:38 Scout Tower
17:38 Scout Tower
17:39 Scout Tower
17:39 Scout Tower
17:48 Guard Tower
17:49 Guard Tower
17:49 Guard Tower
17:51 Scout Tower
17:51 Scout Tower
17:52 Scout Tower
17:53 Scout Tower
17:53 Scout Tower
17:53 Scout Tower
17:54 Scout Tower
18:13 Guard Tower
18:13 Guard Tower
18:14 Guard Tower
18:40 Guard Tower
18:40 Guard Tower
19:09 Scout Tower
19:10 Scout Tower
19:13 Guard Tower
19:21 Scout Tower
20:19 Town Hall
20:22 Scout Tower
20:23 Scout Tower
20:38 Guard Tower
20:39 Guard Tower
20:52 Guard Tower
20:53 Scout Tower
20:54 Scout Tower
21:50 Guard Tower
21:50 Guard Tower
22:02 Scout Tower
22:24 Scout Tower
22:25 Scout Tower
22:25 Scout Tower
22:51 Guard Tower
22:51 Guard Tower
22:51 Guard Tower
22:55 Guard Tower
22:55 Guard Tower
22:55 Guard Tower
23:28 Arcane Sanctum
24:39 Guard Tower
24:40 Guard Tower
24:41 Scout Tower
26:27 Scout Tower
26:28 Arcane Vault
27:03 Guard Tower
27:03 Guard Tower
27:05 Scout Tower
28:47 Scout Tower
28:48 Scout Tower
28:51 Scout Tower
29:50 Scout Tower
29:50 Scout Tower
29:52 Scout Tower
29:52 Scout Tower
29:53 Scout Tower
29:54 Scout Tower
30:10 Guard Tower
30:11 Guard Tower
30:39 Guard Tower
30:39 Guard Tower
30:40 Scout Tower
30:41 Scout Tower
30:42 Scout Tower
30:42 Scout Tower
30:44 Scout Tower
30:45 Scout Tower
30:47 Scout Tower
30:47 Scout Tower
30:53 Scout Tower
30:53 Scout Tower
31:06 Guard Tower
31:09 Guard Tower
31:10 Guard Tower
31:11 Guard Tower
31:11 Guard Tower
31:12 Guard Tower
31:14 Scout Tower
31:14 Scout Tower
31:14 Scout Tower
31:15 Scout Tower
31:15 Scout Tower
31:16 Scout Tower
31:17 Scout Tower
31:18 Guard Tower
31:18 Guard Tower
31:24 Guard Tower
31:24 Guard Tower
31:24 Guard Tower
31:42 Guard Tower
31:54 Scout Tower
31:54 Scout Tower
31:55 Scout Tower
32:38 Guard Tower
32:39 Guard Tower
32:39 Guard Tower
» items
| Staff of Teleportation | 2 | |
| Scroll of Regeneration | 2 | |
| Healing Salve | 3 | |
| Boots of Speed | 1 | |
| Lesser Clarity Potion | 1 | |
| Staff of Sanctuary | 1 | |
| Orb of Lightning | 1 | |
| Potion of Healing | 2 | |
| Scroll of Town Portal | 1 | |
14 total
team 2 (loser)
karl1 (
yellow | 101 APM | 3328 actions | 32:57)
2 Priestess of the Moon
1 Trueshot Aura
1 Scout
» actions
| Assign group hotkey | 60 | |
| Basic commands | 95 | |
| Build / train | 119 | |
| ESC pressed | 7 | |
| Enter build submenu | 28 | |
| Enter hero's abilities submenu | 2 | |
| Remove unit from queue | 29 | |
| Right click | 1726 | |
| Select / deselect | 408 | |
| Select group hotkey | 812 | |
| Use ability | 42 | |
3328 total
» units
| Wisp | 28 | |
| Huntress | 30 | |
| Glaive Thrower | 5 | |
| Hippogryph | 14 | |
| Archer | -16 | |
| Chimaera | 21 | |
82 total
» upgrades
| Strength of the Moon | 1 | |
| Moon Armor | 1 | |
| Marksmanship | 0 | |
| Improved Bows | 0 | |
| Corrosive Breath | 1 | |
| Strength of the Wild | 2 | |
| Reinforced Hides | 1 | |
6 total
» buildings
| Altar of Elders | 1 | |
| Moon Well | 8 | |
| Hunter's Hall | 1 | |
| Ancient of War | 4 | |
| Tree of Life | 3 | |
| Tree of Ages | 1 | |
| Tree of Eternity | 1 | |
| Ancient of Wind | 2 | |
| Chimaera Roost | 3 | |
24 total
» build order
00:14 Altar of Elders
00:22 Moon Well
01:47 Hunter's Hall
01:50 Ancient of War
01:59 Moon Well
02:29 Moon Well
02:42 Ancient of War
05:28 Tree of Life
06:20 Tree of Life
09:53 Ancient of War
11:47 Moon Well
11:51 Ancient of War
13:10 Moon Well
14:16 Tree of Ages
15:38 Tree of Life
17:36 Tree of Eternity
17:38 Ancient of Wind
17:41 Ancient of Wind
20:19 Chimaera Roost
20:23 Chimaera Roost
20:31 Chimaera Roost
24:23 Moon Well
24:24 Moon Well
25:18 Moon Well
smurf_korni (
blue | 157 APM | 5232 actions | 33:15)
5 Death Knight
3 Death Coil
2 Unholy Aura
4 Lich
2 Frost Nova
2 Frost Armor
3 Crypt Lord
2 Impale
1 Spiked Carapace
» actions
| Assign group hotkey | 89 | |
| Basic commands | 239 | |
| Build / train | 66 | |
| ESC pressed | 1 | |
| Enter build submenu | 14 | |
| Enter hero's abilities submenu | 12 | |
| Give item / drop item | 2 | |
| Right click | 1669 | |
| Select / deselect | 845 | |
| Select group hotkey | 2110 | |
| Use ability | 185 | |
5232 total
» units
| Acolyte | 2 | |
| Ghoul | 2 | |
| Crypt Fiend | 11 | |
| Obsidian Statue | 7 | |
| Meatwagon | 9 | |
31 total
» upgrades
| Creature Carapace | 3 | |
| Burrow | 1 | |
| Web | 1 | |
| Exhume Corpses | 1 | |
| Destroyer Form | 1 | |
| Creature Attack | 2 | |
9 total
» buildings
| Graveyard | 1 | |
| Crypt | 1 | |
| Ziggurat | 8 | |
| Altar of Darkness | 1 | |
| Tomb of Relics | 1 | |
| Nerubian Tower | 1 | |
| Halls of the Dead | 1 | |
| Slaughterhouse | 2 | |
| Black Citadel | 1 | |
17 total
» build order
00:09 Graveyard
00:11 Crypt
00:29 Ziggurat
00:48 Altar of Darkness
01:10 Ziggurat
01:30 Tomb of Relics
02:04 Nerubian Tower
03:41 Ziggurat
04:21 Halls of the Dead
05:28 Ziggurat
08:19 Slaughterhouse
08:40 Black Citadel
09:48 Ziggurat
11:48 Slaughterhouse
13:30 Ziggurat
15:14 Ziggurat
16:35 Ziggurat
» items
| Rod of Necromancy | 1 | |
| Dust of Appearance | 2 | |
| Scroll of Town Portal | 1 | |
| Potion of Healing | 2 | |
6 total
teh_klaus (
purple | 112 APM | 3678 actions | 32:53)
4 Demon Hunter
2 Mana Burn
2 Evasion
3 Keeper of the Grove
1 Force of Nature
2 Entangling Roots
3 Pandaren Brewmaster
2 Breath of Fire
1 Drunken Haze
» actions
| Assign group hotkey | 133 | |
| Basic commands | 332 | |
| Build / train | 98 | |
| ESC pressed | 2 | |
| Enter build submenu | 29 | |
| Enter hero's abilities submenu | 11 | |
| Give item / drop item | 1 | |
| Right click | 1323 | |
| Select / deselect | 700 | |
| Select group hotkey | 856 | |
| Use ability | 193 | |
3678 total
» units
| Wisp | 25 | |
| Archer | 4 | |
| Glaive Thrower | 6 | |
| Druid of the Claw | 9 | |
| Mountain Giant | 5 | |
49 total
» upgrades
| Ultravision | 1 | |
| Strength of the Wild | 3 | |
| Improved Bows | 1 | |
| Druid of the Claw Training | 2 | |
| Vorpal Blades | 1 | |
| Strength of the Moon | 2 | |
| Abolish Magic | 1 | |
| Well Spring | 1 | |
| Mark of the Claw | 1 | |
| Reinforced Hides | 1 | |
| Hardened Skin | 1 | |
| Resistant Skin | 1 | |
| Nature's Blessing | 1 | |
| Marksmanship | 1 | |
18 total
» buildings
| Altar of Elders | 1 | |
| Moon Well | 8 | |
| Ancient of War | 1 | |
| Hunter's Hall | 1 | |
| Tree of Ages | 1 | |
| Tree of Life | 2 | |
| Ancient of Lore | 2 | |
| Ancient of Wonders | 1 | |
| Tree of Eternity | 2 | |
| Ancient of Wind | 1 | |
| Ancient Protector | 8 | |
28 total
» build order
00:08 Altar of Elders
00:16 Moon Well
00:51 Ancient of War
01:46 Moon Well
02:43 Hunter's Hall
03:16 Tree of Ages
04:19 Moon Well
05:34 Tree of Life
06:20 Ancient of Lore
07:48 Ancient of Lore
07:54 Ancient of Wonders
08:30 Moon Well
08:32 Moon Well
09:43 Tree of Eternity
10:34 Tree of Eternity
11:52 Moon Well
11:55 Moon Well
14:18 Moon Well
14:39 Tree of Life
17:41 Ancient of Wind
17:42 Ancient Protector
17:43 Ancient Protector
18:42 Ancient Protector
18:44 Ancient Protector
22:26 Ancient Protector
22:30 Ancient Protector
23:06 Ancient Protector
23:07 Ancient Protector
» items
| Pendant of Energy | 1 | |
| Orb of Venom | 2 | |
| Staff of Preservation | 1 | |
| Scroll of Town Portal | 3 | |
| Anti-magic Potion | 1 | |
| Boots of Speed | 2 | |
| Talisman of Evasion | 1 | |
| Scroll of Protection | 1 | |
| Scroll of Healing | 2 | |
| Potion of Lesser Invulnerability | 1 | |
15 total
Chat log
(00:02 / All) toupee: resume when ready
(00:03 / All) smurf_korni: g
(02:05 / All) toupee: hehe
(32:50 / All) teh_klaus: learn how to play and don' waste others time with such a fucking way of playing
(32:55 / All) toupee: wow thats really rude
(33:02 / All) smurf_korni: ^^